 Dungeon Crawl Stone Soup version 0.23.2-40-g277498a001 (webtiles) character file.

Game seed: 10201935313148757088

48 DildoBatman the Magician (level 4, 0/30 HPs)
             Began as a Formicid Wizard on Aug 15, 2019.
             Slain by a jackal (1 damage)
             ... on level 2 of the Dungeon.
             The game lasted 00:04:34 (1325 turns).

DildoBatman the Magician (Formicid Wizard)          Turns: 1325, Time: 00:04:34

Health: 0/30       AC:  2    Str: 12    XL:     4   Next: 0%
Magic:  7/8        EV: 12    Int: 18    God:
Gold:   19         SH:  0    Dex:  9    Spells: 2/9 levels left

rFire    . . .     SeeInvis +   a - +1 dagger (holy)
rCold    . . .     Gourm    .   (no shield)
rNeg     . . .     Faith    .   c - +0 robe
rPois    .         Spirit   .   (helmet unavailable)
rElec    .         Reflect  .   (no cloak)
rCorr    .         Harm     .   (no gloves)
MR       .....                  (no boots)
Stlth    +++.......             (no amulet)
HPRegen  0.10/turn              k - ring of stealth
MPRegen  0.11/turn              (no ring)

@: lethally poisoned (0 -> -15)
A: permanent stasis, dig shafts and tunnels, four strong arms, antennae 3
a: Dig, Shaft Self


You were on level 2 of the Dungeon.
You were not hungry.

You visited 1 branch of the dungeon, and saw 2 of its levels.

You collected 19 gold pieces.

Inventory:

Hand Weapons
 a - a +1 dagger of holy wrath (weapon)
 j - a +0 short sword of protection
Missiles
 e - 7 needles of sleeping
 h - 12 stones (quivered)
 i - a throwing net
 l - 8 bolts
Armour
 c - a +0 robe (worn)
Jewellery
 k - a ring of stealth (left hand)
Scrolls
 f - a scroll of remove curse {unknown}
Potions
 b - a potion of might {unknown}
 g - a potion of agility {unknown}
Comestibles
 d - 4 chunks of flesh
 v - 2 rations


   Skills:
 - Level 1.7 Dodging
 - Level 2.4 Stealth
 - Level 3.2 Spellcasting
 * Level 3.1 Conjurations
   Level 1.0 Summonings
   Level 0.8 Translocations


You had 2 spell levels left.
You knew the following spells:

 Your Spells              Type           Power        Failure   Level  Hunger
a - Conjure Flame         Conj/Fire      #.......     26%         3    ###....
c - Magic Dart            Conj           ##..         4%          1    None
e - Mephitic Cloud        Conj/Pois/Air  #.......     30%         3    ###....

Your spell library contained the following spells:

 Spells                   Type           Power        Failure   Level  Hunger
 Call Imp                 Summ           #.......     16%         2    ##.....
 Slow                     Hex            #.......     24%         2    ##.....
 Blink                    Tloc           Unusable     N/A         2    N/A

Dungeon Overview and Level Annotations

Branches:
Dungeon (2/15)

Altars:

Annotations:
D:1 1 exclusion


Innate Abilities, Weirdness & Mutations

You cannot be hasted, slowed, berserked, paralysed or teleported.
You can dig through walls and to a lower floor.
Your four strong arms can wield two-handed weapons with a shield.
You have a pair of large antennae on your head. (SInv)


Message History

The adder bites you.
You are more poisoned.
The adder poisons you! The leopard gecko bites you. The bat hits you.
The adder barely misses you. The jackal closely misses you.
The goblin hits you but does no damage. What are your orders? t - Shout!
Orders for allies: a - Attack new target. r - Retreat! s - Stop attacking. g - Guard the area. f - Follow me.
Anything else - Cancel.
You shout for attention!
You feel sick. The bat hits you. The leopard gecko bites you.
The jackal bites you.
You die...

.# ..#. .# #...
... ... ....
..# ..... ###.#
......#bh.##
......g@SS.#
......#.l......
..... #########
...# .#


You could see an adder, a leopard gecko, a jackal, a goblin, a bat and a ball
python.

Vanquished Creatures
  An ooze (D:1)
  2 dart slugs (D:1)
  A leopard gecko (D:1)
  2 ball pythons (D:1)
  9 goblins (D:1)
  7 hobgoblins (D:1)
  4 jackals (D:1)
  2 bats (D:1)
  2 frilled lizards (D:1)
  A kobold (D:1)
  A rat (D:1)
32 creatures vanquished.

Notes
Turn   | Place    | Note
-------+----------+-------------------------------------------
     0 | D:1      | DildoBatman the Formicid Wizard began the quest for the
                  | Orb.
     0 | D:1      | Reached XP level 1. HP: 13/13 MP: 4/4
    16 | D:1      | Reached skill level 1 in Conjurations
   114 | D:1      | Reached XP level 2. HP: 19/19 MP: 0/6
   489 | D:1      | Reached XP level 3. HP: 16/24 MP: 0/7
   494 | D:1      | Learned a level 3 spell: Conjure Flame
   502 | D:1      | Learned a level 3 spell: Mephitic Cloud
  1301 | D:1      | Reached XP level 4. HP: 30/30 MP: 5/8
  1325 | D:2      | HP: 1/30 [leopard gecko (2)]
  1325 | D:2      | Slain by a jackal

Skill      XL: |  1  2  3 |
---------------+----------+-----
Conjurations   | 1 2 3 |  3.1
Dodging        | |  1.7
Stealth        | |  2.4
Spellcasting   | |  3.2
Summonings     | |  1.0
Translocations | |  0.8

Action                   |  1- 3 |  4- 6 || total
-------------------------+-------+-------++-------
Melee: Club              |    31 |       ||    31
       Dagger            |     6 |       ||     6
 Cast: Magic Dart        |    82 |     1 ||    83
 Abil: Dig               |     2 |       ||     2
  Eat: Chunk             |     1 |       ||     1
Armor: Robe              |    15 |     5 ||    20
Dodge: Dodged            |    57 |    27 ||    84
